 Dungeon Crawl Stone Soup version 0.30-a0-1103-g25895a7845 (webtiles) character file.

Game seed: 4911898038205347123

50 qeuew the Ducker (level 3, -4/26 (29) HPs)
             Began as a Demigod Gladiator on Apr 18, 2023.
             Splashed by a jelly's acid (5 damage)
             ... on level 1 of the Dungeon.
             The game lasted 00:01:34 (961 turns).

qeuew the Ducker (Demigod Gladiator)                 Turns: 961, Time: 00:01:35

HP:   -4/26 (29)    AC:  2    Str: 19 (22) XL:     3   Next: 35%
MP:   5/5           EV: 12    Int:  8 (10) God:
Gold: 20            SH:  0    Dex: 13 (15) Spells: 2/2 levels left

rFire   . . .      SeeInvis .    a - +0 war axe
rCold   . . .      Faith    .    (no shield)
rNeg    . . .      Spirit   .    b - +0 leather armour
rPois   .          Reflect  .    c - +0 helmet
rElec   .          Rampage  .    (no cloak)
rCorr   .                        i - +1 pair of gloves {Str+3}
Will    .....                    (no boots)
Stlth   +                        (no amulet)
HPRegen 0.24/turn                (no ring)
MPRegen 0.09/turn                (no ring)

@: corroded, heavily drained
A: high MP 1, forlorn, divine attributes
a: no special abilities


You were on level 1 of the Dungeon.
You visited 1 branch of the dungeon, and saw 1 of its levels.

You collected 20 gold pieces.

Inventory:

Hand Weapons
 a - a +0 war axe (weapon)
Missiles
 d - 3 throwing nets (quivered)
 e - a javelin
Armour
 b - a +0 leather armour (worn)
 c - a +0 helmet (worn)
 i - a +1 pair of gloves of strength (worn)


   Skills:
 + Level 2.2 Fighting
 + Level 3.0 Axes
 + Level 2.2 Throwing
 + Level 1.0 Armour
 + Level 3.0 Dodging


You had 2 spell levels left.
You didn't know any spells.
Your spell library contained the following spells:

 Spells                   Type           Power      Damage    Failure   Level
 Freeze                   Ice            0%         1d3       45%         1
 Sublimation of Blood     Necr           0%         N/A       61%         2
 Wereblood                Tmut           0%         N/A       61%         2
 Frozen Ramparts          Ice            0%         1d1       83%         3
 Hailstorm                Conj/Ice       0%         3d3       83%         3
 Summon Hydra             Summ           0%         N/A       100%        7


Dungeon Overview and Level Annotations

Branches:
Dungeon (1/15)

Annotations:
D:1 1 runed translucent door


Innate Abilities, Weirdness & Mutations

You have an increased reservoir of magic. (+10% MP)
You shall have no god before yourself.
Your divine heritage dramatically boosts your attributes as you level up.


Message History

You slash the jelly!
Your hands burn!
The jelly is heavily wounded.
You miss the jackal. You barely miss the jackal. You slash the endoplasm!
You kill the endoplasm!
The jackal closely misses you. x3; The jelly hits you but does no damage.
The jackal bites you.
Unknown command.
You barely miss the jelly.
The jelly is heavily wounded.
You hit the jackal.
You kill the jackal!
You hit the jackal.
You kill the jackal!
You closely miss the jackal. The jackal barely misses you.
The jelly completely misses you.
The jackal bites you but does no damage.
The rat bites you but does no damage. The jelly closely misses you.
You feel your dexterity returning.
You hit the jelly. The acid corrodes you!
Your hands burn!
The jelly is severely wounded.
You barely miss the rat. You hit the jackal but do no damage.
The jackal bites you. The jackal barely misses you.
The jelly closely misses you. The rat bites you.
* * * LOW HITPOINT WARNING * * *
Unknown command.
You hit the jelly but do no damage.
Your hands burn!
* * * LOW HITPOINT WARNING * * *
The jelly is severely wounded.
You hit the jackal.
You kill the jackal!
You closely miss the rat. The rat closely misses you.
The jelly closely misses you.
You feel better. The rat misses you.
The jelly jiggles.
The jelly hits you.
You are splashed with acid!
* * * LOW HITPOINT WARNING * * *
The endoplasm closely misses you.
Unknown command.
You hit the jelly.
Your hands burn!
You die...

#######....# #.#...########.
.........#.# #...### #.
#######....##### ###†# #.
#.........######.# ## #
#.....###.##.....######### # #
#.#.#.##.................### #
#.#.#....###############..## #
#.#.###..#.†r..........#...# #
#.#+####.#?@Jw......J..#.... #
#........#.†Jr......J..#...# #
##.....##.#######+#######..## #
##.......#.#.............#.##.
####..........'⌠....###....⌠+....
...+..........#......<......#....
####..........#..⌠...>...⌠..#....
# ##.......#.###+#######'###.##.
##.....##....................


You could see a worm, a jelly, an endoplasm and 2 rats.

Vanquished Creatures
  3 dart slugs (D:1)
  4 endoplasms (D:1)
  5 giant cockroaches (D:1)
  4 goblins (D:1)
  A hobgoblin (D:1)
  6 jackals (D:1)
  4 kobolds (D:1)
  2 quokkas (D:1)
  A ball python (D:1)
  3 bats (D:1)
  A frilled lizard (D:1)
  4 rats (D:1)
38 creatures vanquished.

Notes
Turn   | Place    | Note
-------+----------+-------------------------------------------
     0 | D:1      | qeuew the Demigod Gladiator began the quest for the Orb.
     0 | D:1      | Reached XP level 1. HP: 17/17 MP: 3/3
     0 | D:1      | Noticed a jelly
     2 | D:1      | Found a runed translucent door.
   266 | D:1      | Reached XP level 2. HP: 16/24 MP: 4/4
   949 | D:1      | Reached XP level 3. HP: 20/24 MP: 5/5
   954 | D:1      | Reached skill level 1 in Armour
   960 | D:1      | HP: 1/26 [acid (7)]
   961 | D:1      | Splashed by a jelly's acid

Illustrated notes

Levels and vault maps discovered:
D:1:      dpeg_arrival_caged_fury, layout_loops_corners,
          shapermc_ecumenical_altar_mp_ritualfount, minmay_pentomino_o2

Skill      XL: |  1  2  3 |
---------------+----------+-----
Fighting       | 2 |  2.2
Throwing       | 2 |  2.2
Dodging        | 3 |  3.0
Axes           | 3 |  3.0
Armour         | 1 |  1.0

Action                     || total
---------------------------++-------
  Melee: War axe           ||    76
         Punch             ||     1
    Use: Scroll            ||     5
         Potion            ||     2
 Armour: Leather armour    ||    49
  Dodge: Dodged            ||    87

Table legend: (Time is in decaauts)
 A = Elapsed time spent in this place.
 B = Non-inter-level travel time spent in this place.
 C = Inter-level travel time spent in this place.
 D = Time resting spent in this place.
 E = Time spent auto-exploring this place.
 F = Levels seen in this place.
 G = Mean time per level.
                   A        B        C        D        E       F      G
               +--------+--------+--------+--------+--------+-----+--------+
         Total |    987 |    970 |     17 |      0 |    760 |   1 |  987.0 |
       Dungeon |    987 |    970 |     17 |      0 |    760 |   1 |  987.0 |
               +--------+--------+--------+--------+--------+-----+--------+

Top non-repeatable levels by time:
     D:1: 987 daAuts
